Match 23926571
Unlisted

Match 23926571
End
Construct Infanterie Kompanie
Kettenkrad Recon Vehicle
Grenadier Squad
Grenadier Squad
Selects Breakthrough Battlegroup
Selects Assault Grenadiers
MG 42 Machine Gun Team
Construct Luftwaffe Kompanie
Jäger Squad
Support Elements
Selects Rapid Production
Jäger Squad
Wirbelwind Flakpanzer
Luftwaffe Officer Quarters
Wirbelwind Flakpanzer
Selects Blitzkrieg
Flak 30 Anti-aircraft Gun Team
Marder III M Tank Destroyer
Medical Bunker
Wirbelwind Flakpanzer
Wirbelwind Flakpanzer
Marder III M Tank Destroyer
UH|BluEskY
iceman
UH|dun! ツ
insane
jordstg
Sméagol
讨厌的BKB
<<THE SERGEANT>>
0
0

Comments sign in to comment!

No comments posted yet!